 Dungeon Crawl Stone Soup version 0.23.0 (webtiles) character file.

Game seed: 17059135254811370879

327 zishaf the Sneak (level 6, 0/41 HPs)
             Began as a Vampire Ice Elementalist on Feb 18, 2019.
             Slain by a phantom (3 damage)
             ... on level 4 of the Dungeon.
             The game lasted 00:07:36 (5152 turns).

zishaf the Sneak (Vampire Ice Elementalist)         Turns: 5152, Time: 00:07:36

Health: 0/41       AC:  8    Str: 13    XL:     6   Next: 24%
Magic:  5/9        EV: 12    Int: 18    God:
Gold:   153        SH:  0    Dex: 14    Spells: 5/9 levels left

rFire    . . .     SeeInvis +   b - +0 hand axe (curse)
rCold    + . .     Gourm    .   (no shield)
rNeg     + + .     Faith    .   g - +0 ring mail (curse)
rPois    +         Spirit   .   (no helmet)
rElec    .         Reflect  .   l - +0 cloak
rCorr    .         Harm     .   (no gloves)
MR       .....                  c - +1 pair of boots
Stlth    +++.......             (no amulet)
HPRegen  0.06/turn              f - ring of attention (curse)
MPRegen  0.11/turn              t - +4 ring of strength

@: regenerating slowly
A: rotting body, fangs 3, see invisible, unbreathing
a: Bat Form


You were on level 4 of the Dungeon.
You were very thirsty.

You visited 1 branch of the dungeon, and saw 4 of its levels.

You collected 153 gold pieces.

Inventory:

Hand Weapons
 b - a cursed +0 hand axe (weapon)
 n - a +0 hunting sling
Missiles
 e - a throwing net (quivered)
 j - 88 stones
Armour
 c - a +1 pair of boots (worn)
 g - a cursed +0 ring mail (worn)
 k - a +0 leather armour
 l - a +0 cloak (worn)
 s - a +0 shield
Jewellery
 f - a cursed ring of attention (left hand)
 r - an uncursed ring of resist corrosion
 t - a +4 ring of strength (right hand)
Scrolls
 d - 2 scrolls of identify
 h - 2 scrolls of enchant weapon {unknown}
Potions
 i - a potion of flight {unknown}
 m - a potion of heal wounds
 o - a potion of might
 q - 11 potions of blood
Comestibles
 a - 3 rations


   Skills:
 + Level 4.3 Dodging
 + Level 6.1 Stealth
 - Level 2.0 Spellcasting
   Level 0.6 Conjurations
 + Level 2.1 Charms
 + Level 4.5 Ice Magic


You had 5 spell levels left.
You knew the following spells:

 Your Spells              Type           Power        Failure   Level  Hunger
a - Freeze                Ice            ###.         6%          1    #......
b - Ozocubu's Armour      Chrm/Ice       ##......     30%         3    ###....

Your spell library contained the following spells:

 Spells                   Type           Power        Failure   Level  Hunger
 Throw Frost              Conj/Ice       ##....       22%         2    ###....
 Throw Icicle             Conj/Ice       ##......     80%         4    #####..
 Summon Ice Beast         Ice/Summ       #.......     83%         4    #####..


Dungeon Overview and Level Annotations

Branches:
Dungeon (4/15)
 Temple: D:4-7

Altars:
Uskayaw

Annotations:
D:3 Grinder


Innate Abilities, Weirdness & Mutations

Your body is rotting away.
You thrive on raw meat.
You heal slowly.
You have razor-sharp teeth.
You have supernaturally acute eyesight. (SInv)
You can survive without breathing.


Message History

The phantom completely resists.
You freeze the phantom but do no damage.
The phantom hits you but does no damage.
Casting: Freeze (safe; 6% risk of failure)
Confirm with . or Enter, or press ? or * to list all spells.
Aiming: Freeze (safe; 6% risk of failure)
Press: ? - help, Shift-Dir - straight line, f/p - phantom
Aim: a phantom (severely damaged)
The phantom resists.
You freeze the phantom.
The phantom is severely damaged.
The phantom closely misses you.
Casting: Freeze (safe; 6% risk of failure)
Confirm with . or Enter, or press ? or * to list all spells.
Aiming: Freeze (safe; 6% risk of failure)
Press: ? - help, Shift-Dir - straight line, f/p - phantom
Aim: a phantom (severely damaged)
The phantom completely resists.
You freeze the phantom but do no damage.
The phantom hits you.
You die...

,** ##............##
,.**####..(..........#
,....................#
.#..####.............#
...........).........####
........................#
........<.##............#
..........###...........#
................@.......#
#..##.##.######.W.......#
*#)......#*#............#
##......##.?.##.........#
).......##.#**#.........#
#..........* #.........#
#.........#* #.........#
...[......# ###########
(....>....#


You could see a phantom.

Vanquished Creatures
  A centaur (D:4)
  A scorpion (D:4)
  An orc wizard (D:4)
  A hound skeleton (D:4)
  4 gnolls
  3 adders
  5 worms
  3 dart slugs
  3 leopard geckos
  4 orcs (D:4)
  A ball python (D:4)
  5 giant cockroaches
  8 hobgoblins
  4 quokkas
  6 bats
  6 frilled lizards
  A jackal skeleton (D:4)
  8 kobolds
  8 rats
73 creatures vanquished.

Notes
Turn   | Place    | Note
-------+----------+-------------------------------------------
     0 | D:1      | zishaf the Vampire Ice Elementalist began the quest for the
                  | Orb.
     0 | D:1      | Reached XP level 1. HP: 13/13 MP: 3/3
   423 | D:1      | Reached XP level 2. HP: 10/19 MP: 3/5
  1042 | D:1      | Reached skill level 4 in Stealth
  1187 | D:1      | Reached XP level 3. HP: 24/24 MP: 2/6
  2869 | D:3      | Reached XP level 4. HP: 30/30 MP: 2/7
  3014 | D:3      | HP: 1/30 [gnoll/+0 whip (2)]
  3436 | D:2      | Reached skill level 5 in Stealth
  3693 | D:2      | Learned a level 3 spell: Ozocubu's Armour
  4065 | D:3      | Noticed Grinder
  4066 | D:3      | Found a hide-covered altar of Uskayaw.
  4068 | D:3      | Paralysed by Grinder for 5 turns
  4127 | D:4      | Reached XP level 5. HP: 33/35 MP: 5/8
  4249 | D:4      | Reached skill level 1 in Charms
  4729 | D:4      | Noticed a centaur
  4731 | D:4      | Noticed a phantom
  4736 | D:4      | Killed a centaur
  4736 | D:4      | Reached skill level 6 in Stealth
  4736 | D:4      | Reached XP level 6. HP: 16/41 MP: 3/9
  5140 | D:4      | HP: 2/41 [phantom (7)]
  5152 | D:4      | Slain by a phantom

Skill      XL: |  1  2  3  4  5 |
---------------+----------------+-----
Stealth        | 4 5 6 |  6.1
Dodging        | 3 4 |  4.3
Ice Magic      | 4 |  4.5
Charms         | 2 |  2.1
Spellcasting   | |  2.0
Conjurations   | |  0.6

Action                   |  1- 3 |  4- 6 || total
-------------------------+-------+-------++-------
Melee: Hand axe          |    64 |    51 ||   115
       Bite              |     4 |     5 ||     9
 Cast: Freeze            |    70 |    62 ||   132
  Use: Potion            |     4 |     6 ||    10
       Scroll            |       |     6 ||     6
 Stab: Sleeping          |     7 |       ||     7
Armor: Robe              |    11 |       ||    11
       Leather armour    |    17 |    17 ||    34
       Ring mail         |       |    22 ||    22
Dodge: Dodged            |    78 |    76 ||   154
